 Dungeon Crawl Stone Soup version 0.27-a0-538-g15ff5c5295 (webtiles) character file.

Game seed: 12841691349805151730

126 skittles the Chopper (level 4, -1/40 HPs)
             Began as a Minotaur Gladiator on Mar 7, 2021.
             Was an Initiate of Okawaru.
             Slain by an ogre
             ... wielding a +0 giant club
              (15 damage)
             ... on level 4 of the Dungeon.
             The game lasted 00:05:28 (2525 turns).

skittles the Chopper (Minotaur Gladiator)           Turns: 2525, Time: 00:05:29

Health: -1/40      AC: 10    Str: 20    XL:     4   Next: 84%
Magic:  3/3        EV:  8    Int:  5    God:    Okawaru [......]
Gold:   209        SH:  0    Dex: 11    Spells: 3/3 levels left

rFire    . . .     SeeInvis .   a - +0 war axe
rCold    . . .     Faith    .   (no shield)
rNeg     . . .     Spirit   .   p - +0 chain mail
rPois    .         Reflect  .   c - +0 hat
rElec    .         Harm     .   f - +0 cloak
rCorr    .         Rampage  .   e - +0 pair of gloves
Will     .....                  (no boots)
Stlth    ..........             (no amulet)
HPRegen  0.13/turn              (no ring)
MPRegen  0.08/turn              (no ring)

@: no status effects
A: horns 2, retaliatory headbutt
a: Renounce Religion


You were on level 4 of the Dungeon.
You worshipped Okawaru.
Okawaru was noncommittal.
You visited 1 branch of the dungeon, and saw 4 of its levels.

You collected 209 gold pieces.

Inventory:

Hand Weapons
 a - a +0 war axe (weapon)
 z - a +0 morningstar
 A - a +1 mace of protection
Missiles
 d - 3 throwing nets (quivered)
Armour
 b - a +0 leather armour
 c - a +0 hat (worn)
 e - a +0 pair of gloves (worn)
 f - a +0 cloak (worn)
 p - a +0 chain mail (worn)
 v - a +0 ring mail
Magical Staves
 q - a staff of conjuration
Jewellery
 h - a ring of magical power
 y - a ring of protection from cold
Scrolls
 g - a scroll of immolation {unknown}
 i - a scroll of random uselessness {unknown}
 j - 4 scrolls of teleportation {unknown}
 k - 2 scrolls of amnesia {unknown}
 l - 3 scrolls of identify {unknown}
Potions
 m - a potion of resistance {unknown}
 n - 3 potions of heal wounds {unknown}
 o - 2 potions of curing {unknown}
 r - a potion of might {unknown}
 s - a potion of mutation {unknown}
 t - 2 potions of magic {unknown}
 u - a potion of lignification {unknown}
 w - a potion of brilliance {unknown}
 x - a potion of haste {unknown}


   Skills:
 + Level 4.0 Fighting
 * Level 5.1 Axes
 - Level 2.0 Throwing
 * Level 1.5 Armour
 - Level 3.8 Dodging


You had 3 spell levels left.
You didn't know any spells.
Your spell library contained the following spells:

 Spells                   Type           Power      Damage    Failure   Level
 Summon Small Mammal      Summ           0%         N/A       99%         1
 Call Imp                 Summ           0%         N/A       100%        2
 Call Canine Familiar     Summ           0%         N/A       100%        3
 Summon Guardian Golem    Hex/Summ       0%         N/A       100%        3
 Summon Ice Beast         Ice/Summ       0%         N/A       100%        4
 Summon Lightning Spire   Summ/Air       0%         N/A       100%        4


Dungeon Overview and Level Annotations

Branches:
Dungeon (4/15)
 Temple: D:4-7

Altars:
Makhleb
Okawaru


Innate Abilities, Weirdness & Mutations

You have a pair of horns on your head.
You reflexively headbutt those who attack you in melee.


Message History

Okawaru accepts your kill.
No target in view!
No target in view!
No target in view!
No target in view!
No target in view!
No target in view!
HP restored.
Items here: ))) [ †.
You see here a +0 hand axe.
l - 3 scrolls labelled IGIZXI ZIYFUZO (gained 1)
You open the door.
An ogre comes into view. It is wielding a +0 giant club.
The ogre shouts!
There is an open door here.
The ogre hits you with a +0 giant club!
Found a stone staircase leading up.
You hit the ogre.
The ogre is moderately wounded.
The ogre hits you but does no damage.
You barely miss the ogre. You headbutt the ogre.
The ogre is moderately wounded.
The ogre hits you with a +0 giant club!
You are too injured to fight recklessly!
You are too injured to fight recklessly!
You are too injured to fight recklessly!
You are too injured to fight recklessly!
You are too injured to fight recklessly!
You are too injured to fight recklessly!
You are too injured to fight recklessly!
You are too injured to fight recklessly!
You are too injured to fight recklessly!
You are too injured to fight recklessly!
You are too injured to fight recklessly!
You are too injured to fight recklessly!
The ogre hits you but does no damage.
You barely miss the ogre.
The ogre is moderately wounded.
The ogre hits you with a +0 giant club!
You die...

##+## ##..<##
##.....##
##.......##
#.........#
+.........+
#.........#
#.O@....#
##.....##
##...##
##'#####
#......#
#..###.# ##
#..## #
#.##...##.###
#...........


You could see an ogre.

Vanquished Creatures
  An orc priest (D:4)
  An orc wizard (D:3)
  An adder (D:3)
  A worm (D:2)
  A dart slug (D:1)
  11 orcs
  A giant cockroach (D:3)
  5 hobgoblins
  3 jackals (D:3)
  2 quokkas
  4 bats
  A frilled lizard (D:2)
  6 goblins
  6 kobolds
  4 rats
48 creatures vanquished.

Notes
Turn   | Place    | Note
-------+----------+-------------------------------------------
     0 | D:1      | skittles the Minotaur Gladiator began the quest for the
                  | Orb.
     0 | D:1      | Reached XP level 1. HP: 18/18 MP: 0/0
   232 | D:1      | Reached skill level 4 in Axes
   232 | D:1      | Reached XP level 2. HP: 25/25 MP: 1/1
   714 | D:2      | Found an iron altar of Okawaru.
  1175 | D:2      | Became a worshipper of Warmaster Okawaru
  1205 | D:3      | Found a burning altar of Makhleb.
  1369 | D:3      | Reached XP level 3. HP: 31/31 MP: 2/2
  1517 | D:3      | Reached XP level 4. HP: 30/40 MP: 3/3
  2364 | D:4      | Reached skill level 5 in Axes
  2364 | D:4      | Reached skill level 1 in Armour
  2518 | D:4      | Noticed an ogre
  2525 | D:4      | Slain by an ogre

Illustrated notes

Levels and vault maps discovered:
D:1:      minmay_arrival_doors, layout_basic, grunt_decor_fettered, minivault_23
D:2:      layout_rooms, okawaru_ov_weapons_minmay
D:3:      layout_basic, general_overflow_altar
D:4:      layout_loops_corners, minitemple, serial_shops, shop

Skill      XL: |  1  2  3  4 |
---------------+-------------+-----
Axes           | 4 5 |  5.1
Fighting       | 3 4 |  4.0
Armour         | 1 |  1.5
Throwing       | |  2.0
Dodging        | |  3.8

Action                   |  1- 3 |  4- 6 || total
-------------------------+-------+-------++-------
Melee: War axe           |    63 |    33 ||    96
       Headbutt          |    10 |     3 ||    13
Armor: Leather armour    |    12 |       ||    12
       Chain mail        |    24 |    13 ||    37
Dodge: Dodged            |    45 |    10 ||    55

Table legend: (Time is in decaauts)
 A = Elapsed time spent in this place.
 B = Non-inter-level travel time spent in this place.
 C = Inter-level travel time spent in this place.
 D = Time resting spent in this place.
 E = Time spent auto-exploring this place.
 F = Levels seen in this place.
 G = Mean time per level.
                   A        B        C        D        E       F      G
               +--------+--------+--------+--------+--------+-----+--------+
         Total |   2550 |   2444 |    106 |    169 |   1825 |   4 |  637.5 |
       Dungeon |   2550 |   2444 |    106 |    169 |   1825 |   4 |  637.5 |
               +--------+--------+--------+--------+--------+-----+--------+

Top non-repeatable levels by time:
     D:3: 1108 daAuts
     D:1: 647 daAuts
     D:2: 566 daAuts
     D:4: 228 daAuts
